 Dungeon Crawl Stone Soup version 0.20-a0-390-g4892b34 (webtiles) character file.

2739 siimphh the Basher (level 9, -11/75 HPs)
             Began as a Minotaur Fighter on Dec 29, 2016.
             Was a Priest of Okawaru.
             Mangled by an orc warrior
             ... wielding a +0 bardiche
              (33 damage)
             ... in a bailey on Dec 30, 2016.
             The game lasted 00:52:08 (6879 turns).

siimphh the Basher (Minotaur Fighter)               Turns: 6879, Time: 00:52:09

Health: -11/75     AC: 18    Str: 26    XL:     9   Next: 40%
Magic:  8/8        EV:  6    Int:  5    God:    Okawaru [***...]
Gold:   500        SH: 11    Dex: 15    Spells: 8/8 levels left

rFire  + . .     SeeInvis .     a - +5 war axe
rCold  x . .     Gourm    .     x - +0 plate armour
rNeg   + . .     Faith    .     c - +0 shield
rPois  .         Spirit   .     (helmet restricted)
rElec  .         Reflect  .     K - +1 cloak
rCorr  .         Harm     .     l - +2 pair of gloves
MR     .....                    (no boots)
Stlth  ..........               (no amulet)
                                (no ring)
                                R - ring "Wuon" {Fire *Slow rN+ Str+3 Dex+4}

@: very slightly contaminated, hasted, very quick
A: retaliatory headbutt, horns 2
a: Heroism, Renounce Religion


You were in a bailey.
You worshipped Okawaru.
Okawaru was most pleased with you.
You were hungry.

You visited 2 branches of the dungeon, and saw 9 of its levels.
You also visited: Bailey.

You collected 500 gold pieces.

Inventory:

Hand Weapons
 a - a +5 war axe (weapon)
 m - a +0 short sword of speed
 o - a cursed -1 trident
 s - a +6 flail of holy wrath
 w - a +2 battleaxe of venom
 z - a +0 blowgun
 C - a +4 trident
 F - a +0 shortbow
 U - a +4 halberd
Missiles
 y - 28 poisoned needles
 B - 75 arrows
Armour
 c - a +0 shield (worn)
 j - a +0 chain mail
 l - a +2 pair of gloves (worn)
 x - a +0 plate armour (worn)
 K - a +1 cloak (worn)
Jewellery
 R - the ring "Wuon" (left hand) {Fire *Slow rN+ Str+3 Dex+4}
   (You found it on level 7 of the Dungeon)

   [ring of fire]

   It enhances your fire magic.
   It affects your strength (+3).
   It affects your dexterity (+4).
   It protects you from fire.
   It makes you vulnerable to cold.
   It protects you from negative energy.
   It may slow you when you take damage.
Wands
 N - a wand of lightning (0/15)
Scrolls
 b - 3 scrolls of remove curse
 e - 3 scrolls of fog {unknown}
 k - 3 scrolls of teleportation {unknown}
 p - a scroll of fear {unknown}
 q - 2 scrolls of immolation {unknown}
 r - a scroll of blinking {unknown}
 A - 3 scrolls of amnesia {unknown}
 G - a scroll of magic mapping {unknown}
 J - a scroll of enchant weapon {unknown}
 O - a scroll of vulnerability {unknown}
 Q - a scroll of recharging {unknown}
Potions
 d - 3 potions of might
 h - a potion of brilliance {unknown}
 i - a potion of cure mutation {unknown}
 n - a potion of cancellation {unknown}
 v - 3 potions of flight
 H - 2 potions of invisibility
 M - 2 potions of haste
 P - 7 potions of curing
 S - 2 potions of ambrosia
 V - a potion of beneficial mutation {unknown}
 W - 2 potions of heal wounds
 X - a potion of berserk rage {unknown}
Comestibles
 f - 9 bread rations
 g - 12 fruits
 t - 3 meat rations
 u - 4 chunks of flesh
 D - 2 slices of pizza
 E - 3 beef jerkies
 L - a royal jelly


   Skills:
 + Level 6.1 Fighting
 + Level 2.7 Short Blades
 + Level 3.8(6.7) Axes
 + Level 8.7(9.1) Maces & Flails
   Level 1.0(3.5) Slings
 + Level 4.9(5.0) Throwing
 + Level 7.0 Armour
 + Level 1.9 Dodging
 + Level 1.0 Stealth
 + Level 6.6 Shields
 + Level 0.1 Evocations


You had 8 spell levels left.
You didn't know any spells.

Dungeon Overview and Level Annotations

Branches:
Dungeon (8/15)             Temple (1/1) D:4
   Lair: D:8-11

Altars:
Ashenzari
Cheibriados
Elyvilon
Fedhas
Gozag
Kikubaaqudgha
Makhleb
Nemelex Xobeh
Okawaru
Qazlal
Uskayaw
Xom
Yredelemnul
The Shining One

Shops:
D:6 :   D:7 (


Innate Abilities, Weirdness & Mutations

You reflexively headbutt those who attack you in melee.
You have a pair of horns on your head.


Message History

There is an empty arch of ancient stone here.
You block the orc's attack.
The orc warrior no longer looks unusually strong.
The orc barely misses you.
The orc knight roars a battlecry!
The orcs go into a battle-frenzy!
The orc warrior hits you from afar with a bardiche!!
You slash the orc!
You kill the orc!
Okawaru accepts your kill.
The orc warrior hits you from afar with a bardiche!!
* * * LOW HITPOINT WARNING * * *
You feel much better.
You feel yourself speed up. The orc warrior barely misses you.
The orc knight hits you from afar with a glaive!
* * * LOW HITPOINT WARNING * * *
You are very lightly contaminated with residual magic.
There is an empty arch of ancient stone, spattered with blood here.
The orc warrior hits you from afar with a bardiche!!
You die...

#######
##.@∩..##
#.......#
#∩.o)).∩#
#..).o).#
#..[....#
#..)....#
#.......#
#.......#
#.....).#


You could see an orc knight and an orc warrior.

Vanquished Creatures
  The ghost of Uhlv the Slasher, an amateur HaFi of Okawaru (D:4)
  Sigmund (D:5)
  A spriggan (D:7)
  4 orc warriors
  A necrophage (D:7)
  2 phantoms
  3 centaurs
  4 bullfrogs
  A scorpion (D:4)
  3 howler monkeys (D:7)
  A crimson imp (D:6)
  A centaur zombie (D:6)
  A bullfrog zombie (D:6)
  A hound (D:6)
  A quasit (D:5)
  An orc priest (D:6)
  A bullfrog skeleton (D:4)
  An iguana (D:8)
  Terence (D:2)
  4 worker ants
  Natasha (thrice) (D:2)
  2 orc wizards (D:6)
  A killer bee zombie (D:5)
  A hound skeleton (D:4)
  A howler monkey zombie (D:6)
  3 gnolls (D:5)
  11 adders
  7 river rats (D:6)
  A shadow imp (D:5)
  An ooze (D:4)
  An adder zombie (D:6)
  2 adder skeletons
  A worm (D:2)
  A dart slug (D:1)
  6 leopard geckos
  54 orcs
  5 giant cockroaches
  9 goblins
  7 hobgoblins
  6 jackals (D:3)
  3 quokkas
  A ball python (D:8)
  8 bats
  5 frilled lizards
  10 kobolds
  A leopard gecko skeleton (D:4)
  2 quokka skeletons
  31 rats
218 creatures vanquished.

Notes
Turn   | Place    | Note
-------+----------+-------------------------------------------
     0 | D:1      | siimphh the Minotaur Fighter began the quest for the Orb.
     0 | D:1      | Reached XP level 1. HP: 19/19 MP: 0/0
    98 | D:1      | Reached XP level 2. HP: 25/27 MP: 1/1
   613 | D:1      | Reached XP level 3. HP: 33/33 MP: 2/2
   919 | D:2      | Noticed Natasha
   941 | D:2      | Killed Natasha
   941 | D:2      | Reached skill level 1 in Short Blades
  1079 | D:2      | Noticed Natasha
  1086 | D:2      | Killed Natasha
  1086 | D:2      | Reached XP level 4. HP: 40/40 MP: 3/3
  1131 | D:2      | Noticed Natasha
  1144 | D:2      | Killed Natasha
  1245 | D:2      | Noticed Terence
  1274 | D:2      | Killed Terence
  1274 | D:2      | Reached XP level 5. HP: 13/47 MP: 4/4
  2076 | D:3      | Reached skill level 1 in Maces & Flails
  2755 | D:4      | Reached skill level 1 in Throwing
  2755 | D:4      | Reached XP level 6. HP: 53/53 MP: 5/5
  2827 | D:4      | Noticed Uhlv's ghost (amateur HaFi)
  2832 | D:4      | Killed Uhlv's ghost
  2832 | D:4      | Reached skill level 3 in Maces & Flails
  2832 | D:4      | Reached skill level 1 in Slings
  2832 | D:4      | Reached skill level 5 in Shields
  3091 | D:4      | Found a staircase to the Ecumenical Temple.
  3100 | Temple   | Entered the Ecumenical Temple
  3157 | Temple   | Became a worshipper of Warmaster Okawaru
  3395 | D:4      | Reached skill level 5 in Armour
  3395 | D:4      | Reached XP level 7. HP: 60/60 MP: 6/6
  3963 | D:5      | Entered Level 5 of the Dungeon
  3993 | D:5      | Noticed Sigmund
  4005 | D:5      | Killed Sigmund
  4005 | D:5      | Reached skill level 4 in Maces & Flails
  4041 | D:5      | Found a shattered altar of Ashenzari.
  4169 | D:5      | Found an opulent altar of Gozag.
  4178 | D:5      | Reached skill level 1 in Dodging
  4274 | D:5      | Reached * piety under Okawaru
  4281 | D:5      | Reached skill level 5 in Fighting
  4516 | D:5      | Reached XP level 8. HP: 68/68 MP: 7/7
  4549 | D:5      | Upgraded the game from 0.20-a0-386-g2d247ea to 0.20-a0-390-g4892b34
  4736 | D:6      | Reached skill level 5 in Maces & Flails
  4736 | D:6      | Reached skill level 1 in Stealth
  4920 | D:6      | Found Moipt's Book Shop.
  4977 | D:6      | Reached ** piety under Okawaru
  5181 | D:6      | Reached skill level 6 in Maces & Flails
  5451 | D:7      | Found Huka's Weapon Shoppe.
  5494 | D:7      | Reached skill level 7 in Maces & Flails
  5703 | D:7      | Got a scintillating iron ring
  5724 | D:7      | Reached XP level 9. HP: 74/75 MP: 8/8
  5808 | D:7      | Reached *** piety under Okawaru
  5808 | D:7      | Reached skill level 8 in Maces & Flails
  6211 | D:8      | Found a flagged portal.
  6216 | Bailey   | Entered a bailey
  6720 | Bailey   | Identified the ring "Wuon" {Fire *Slow rN+ Str+3 Dex+4} (You found it on level 7 of the Dungeon)
  6855 | Bailey   | Noticed an orc knight
  6879 | Bailey   | Mangled by an orc warrior

Vault maps used:
D:1:      sevenhm_arrival_forest_fort_large_2
D:2:      grunt_ministairs_14, kennysheep_generic_room_2, uniq_terence,
          uniq_natasha
D:3:      minmay_distorted
D:4:      grunt_ministairs_2, hangedman_decor_riveting
D:5:      first_bread, basic_altar, cheibrodos_ashenzari_chains, uniq_sigmund
D:6:      serial_shops, nicolae_shop_waterfront, dk_rats_in_the_wall
D:7:      serial_glass, glass_columns_a, glass_columns_a, glass_columns_a,
          glass_columns_b, the_bakery, hangedman_decor_growths,
          kennysheep_small_square
D:8:      black_bear_nest_1, enter_bailey_2
Temple:   eino_temple_water
Bailey:   bailey_polearm_5, bailey

Skill      XL: |  1  2  3  4  5  6  7  8  9 |
---------------+----------------------------+-----
Fighting       | 4 5 6 |  6.1
Armour         | 4 5 6 7 |  7.0
Short Blades   | 1 2 |  2.7
Axes           | 3 |  3.8
Shields        | 4 5 6 |  6.6
Maces & Flails | 1 3 4 7 8 |  8.7
Throwing       | 1 2 4 |  4.9
Slings         | 1 |  1.0
Dodging        | 1 |  1.9
Stealth        | 1 |  1.0
Evocations     | |  0.1

Action                   |  1- 3 |  4- 6 |  7- 9 || total
-------------------------+-------+-------+-------++-------
Melee: War axe           |    34 |     1 |     6 ||    41
       Short sword       |    35 |    66 |       ||   101
       Headbutt          |     6 |    18 |    42 ||    66
       Flail             |       |    65 |   239 ||   304
       Battleaxe         |       |       |     7 ||     7
 Fire: Hunting sling     |       |    17 |       ||    17
Throw: Javelin           |       |    34 |    45 ||    79
       Stone             |       |     3 |     4 ||     7
Evoke: Wand              |       |       |     3 ||     3
  Use: Scroll            |       |       |     6 ||     6
       Potion            |       |       |     3 ||     3
  Eat: Chunk             |     1 |     6 |     7 ||    14
       Bread ration      |       |       |     1 ||     1
Armor: Scale mail        |     9 |       |       ||     9
       Chain mail        |    12 |    81 |    56 ||   149
       Plate armour      |       |       |   114 ||   114
Dodge: Dodged            |    19 |    28 |   107 ||   154
Block: Shield            |    27 |    73 |    71 ||   171
